AoeStats
← Cien Ojos

Arabia

505352479Analyzed
1v1 RM · 24d ago on Sep 9, 2026· 47m 15s· 2 players
Game mode
Random Map
Map size
Tiny (2 player)
Population
200
Speed
Normal
Resources
Standard
Victory
Conquest
Starting age
Dark Age
Ending age
Imperial Age
RankedLock teamsTeams togetherTeam positionsShared explorationLock speedFull tech treeHidden civsTurbo modeCheats
Victory
Defeat
🇪🇸 Turks · Spain
1169
+15
🇦🇷 Cumans · Argentina
1158
-15
Cien Ojos
6:17 Loom
8:56 Feudal Age
9:38 Double-Bit Axe
15:08 Horse Collar
20:42 Castle Age
20:19 Scale Barding Armor
20:24 Forging
20:32 Bloodlines
21:06 Wheelbarrow
21:34 Bow Saw
25:48 Heavy Plow
26:35 Fervor
26:56 Gold Mining
27:35 Pikeman
29:27 Iron Casting
31:48 Hand Cart
31:34 Fletching
31:46 Scale Mail Armor
34:53 Squires
34:39 Arson
35:30 Town Watch
36:08 Bodkin Arrow
36:34 Chain Barding Armor
36:29 Chain Mail Armor
39:14 Imperial Age
37:21 Ballistics
36:58 Murder Holes
37:41 Gold Shaft Mining
36:58 Stone Mining
38:08 Gold Shaft Mining
37:51 Town Patrol
38:02 Town Patrol
38:48 Chain Mail Armor
41:10 Blast Furnace
40:42 Plate Mail Armor
40:48 Plate Barding Armor
40:48 Light Cavalry
41:57 Halberdier
43:36 Crop Rotation
43:18 Hussar
44:48 Padded Archer Armor
45:30 Conscription
Narue
5:07 Loom
9:32 Feudal Age
10:05 Double-Bit Axe
21:47 Castle Age
20:01 Horse Collar
20:29 Gold Mining
21:20 Scale Barding Armor
22:21 Bloodlines
22:23 Forging
27:03 Heavy Plow
27:00 Stone Mining
28:10 Husbandry
38:35 Imperial Age
41:09 Conscription
43:33 Chain Barding Armor
43:48 Iron Casting
Connection lost

Rejoining the realm…

Still unreachable

The connection could not be restored.

Session expired

The server has moved on; the page needs a fresh start.